 Dungeon Crawl Stone Soup version 0.24.0-29-g8ce449bc06 (webtiles) character file.

Game seed: 4670915681997365639, levelgen mode: deterministic

151 Flugslaktarn the Chopper (level 5, -1/47 HPs)
             Began as a Hill Orc Fighter on Nov 14, 2019.
             Slain by a slave (5 damage)
             ... led by Pikel
             ... on level 4 of the Dungeon.
             The game lasted 00:00:57 (2764 turns).

Flugslaktarn the Chopper (Hill Orc Fighter)         Turns: 2764, Time: 00:00:58

Health: -1/47      AC:  8    Str: 20    XL:     5   Next: 33%
Magic:  5/5        EV:  7    Int:  8    God:
Gold:   146        SH:  9    Dex: 10    Spells: 4/4 levels left

rFire    . . .     SeeInvis .   a - +0 war axe
rCold    . . .     Gourm    .   c - +0 shield
rNeg     . . .     Faith    .   b - +0 scale mail
rPois    .         Spirit   .   (no helmet)
rElec    .         Reflect  .   o - +0 cloak
rCorr    .         Harm     .   (no gloves)
MR       .....                  (no boots)
Stlth    ..........             (no amulet)
HPRegen  0.15/turn              (no ring)
MPRegen  0.09/turn              (no ring)

@: no status effects
A: no striking features
a: no special abilities


You were on level 4 of the Dungeon.
You were not hungry.

You visited 1 branch of the dungeon, and saw 4 of its levels.

You collected 146 gold pieces.

Inventory:

Hand Weapons
 a - a +0 war axe (weapon)
Armour
 b - a +0 scale mail (worn)
 c - a +0 shield (worn)
 o - a +0 cloak (worn)
   (You found it on level 2 of the Dungeon)
Jewellery
 l - a +4 ring of protection {unknown}
   (You found it on level 2 of the Dungeon)
Scrolls
 f - a scroll of magic mapping {unknown}
 g - 2 scrolls of identify {unknown}
 h - a scroll of teleportation {unknown}
 i - a scroll of fog {unknown}
 q - a scroll of immolation {unknown}
Potions
 d - a potion of might
 j - 3 potions of ambrosia {unknown}
 k - a potion of degeneration {unknown}
 m - a potion of haste {unknown}
 n - a potion of magic {unknown}
 p - a potion of resistance {unknown}
Comestibles
 e - 5 rations
 r - 4 chunks of flesh


   Skills:
 + Level 4.4 Fighting
 * Level 4.9 Axes
 + Level 4.1 Armour
 + Level 4.1 Shields


You had 4 spell levels left.
You didn't know any spells.
Your spell library was empty.

Dungeon Overview and Level Annotations

Branches:
Dungeon (4/15)
 Temple: D:4-7

Altars:
Elyvilon
Fedhas
Ru

Annotations:
D:4 Pikel


Message History

The slave is heavily wounded.
You hit the slave. You closely miss Pikel. You barely miss the slave.
You hit the slave but do no damage. The slave hits you but does no damage.
You block the slave's attack. Pikel hits you but does no damage.
The slave closely misses you. The slave hits you.
The slave hits you but does no damage.
You hit the slave but do no damage.
The slave is heavily wounded.
You slash the slave!
Your shield and scale mail prevent you from hitting the slave.
You barely miss Pikel. You closely miss the slave. The slave barely misses you.
The slave hits you. The slave hits you but does no damage.
Pikel hits you with a +0 whip of freezing.
* * * LOW HITPOINT WARNING * * *
Pikel freezes you.
* * * LOW HITPOINT WARNING * * *
The slave hits you!
* * * LOW HITPOINT WARNING * * *
The slave hits you but does no damage. The slave hits you.
You die...

.... ... ..
##.#
#...###
.....###
#ppp..#
#@K#
......p..#
.#....?...#
##......##
#...#...#
.....#....
.... ##...
#... .....


You could see Pikel and 4 slaves.

Vanquished Creatures
  Crazy Yiuf (D:3)
  Terence (D:3)
  4 adders
  An adder skeleton (D:4)
  4 worms
  2 leopard geckos
  2 orcs (D:3)
  4 giant cockroaches
  4 goblins (D:2)
  3 hobgoblins
  5 bats
  6 frilled lizards
  7 kobolds
  5 rats
49 creatures vanquished.

Notes
Turn   | Place    | Note
-------+----------+-------------------------------------------
     0 | D:1      | Flugslaktarn the Hill Orc Fighter began the quest for the
                  | Orb.
     0 | D:1      | Reached XP level 1. HP: 19/19 MP: 1/1
   325 | D:1      | Reached XP level 2. HP: 27/27 MP: 2/2
   904 | D:2      | Reached XP level 3. HP: 25/33 MP: 3/3
  1449 | D:2      | Found a sacrificial altar of Ru.
  1769 | D:3      | Reached XP level 4. HP: 30/40 MP: 4/4
  1994 | D:3      | Noticed Terence
  2021 | D:3      | Killed Terence
  2315 | D:3      | Found a white marble altar of Elyvilon.
  2315 | D:3      | Found a blossoming altar of Fedhas.
  2450 | D:3      | Reached XP level 5. HP: 41/47 MP: 5/5
  2618 | D:3      | Found a runed translucent door.
  2619 | D:3      | Noticed Crazy Yiuf
  2684 | D:3      | Killed Crazy Yiuf
  2756 | D:4      | Noticed Pikel
  2756 | D:4      | Noticed a slave
  2756 | D:4      | Noticed a slave
  2756 | D:4      | Noticed a slave
  2756 | D:4      | Noticed a slave
  2764 | D:4      | Slain by a slave

Levels and vault maps discovered:
D:1:      lightli_molten_gateway, layout_basic, minmay_misc_feat_pillars,
          minmay_pentomino_v4
D:2:      layout_loops_ring, nicolae_ru_path_of_blood,
          minmay_misc_feat_four_crosses
D:3:      layout_loops_cross, chequers_temple_overflow_statue_of_worship,
          uniq_terence, uniq_crazy_yiuf_cottage
D:4:      layout_cave_pools, lemuel_coloured_pillars_altar, old_standard_altar,
          tso_metal_star, first_ration, minmay_rat_hole, uniq_pikel,
          uniq_natasha, uniq_robin, uniq_edmund

Skill      XL: |  1  2  3  4 |
---------------+-------------+-----
Axes           | 3 4 |  4.9
Fighting       | 4 |  4.4
Shields        | 4 |  4.1
Armour         | 4 |  4.1

Action                   |  1- 3 |  4- 6 || total
-------------------------+-------+-------++-------
Melee: War axe           |   115 |    78 ||   193
  Eat: Chunk             |     3 |     3 ||     6
Armor: Scale mail        |    39 |    34 ||    73
Dodge: Dodged            |    22 |    31 ||    53
Block: Shield            |    57 |    53 ||   110
